 Dungeon Crawl Stone Soup version 0.30-a0-373-gd37427bb62 (webtiles) character file.

Game seed: 143460154504865393

468268 Shayle the Warrior (level 23, -11/226 HPs)
             Began as a Demonspawn Reaver on Nov 22, 2022.
             Was an Elder of Ashenzari.
             Mangled by an iron troll (24 damage)
             ... on level 2 of the Depths on Nov 23, 2022.
             The game lasted 05:48:24 (65648 turns).

Shayle the Warrior (Demonspawn Reaver)             Turns: 65648, Time: 05:48:25

Health: -11/226    AC: 40    Str: 12    XL:     23   Next: 49%
Magic:  9/53       EV: 16    Int: 24    God:    Ashenzari [****..]
Gold:   411        SH:  9    Dex: 14    Spells: 13/57 levels left

rFire   . . .      SeeInvis +    W - +5 broad axe (vorpal)
rCold   + . .      Faith    .    c - +3 warlock's mirror {reflect}
rNeg    + + .      Spirit   .    (body armour currently unavailable)
rPois   ∞          Reflect  +    g - +2 helmet of the Celestial Vexation {Comp, Alch} (curse)
rElec   +          Harm     .    q - +1 cloak "Shackled Together" {Elem, Comp} (curse)
rCorr   .          Rampage  .    (gloves unavailable)
Will    +....      Clarity  +    (boots currently unavailable)
Stlth   +.........               a - amulet of Ashenzari's Mistrust {Acrobat rN+ Regen+ Dex+4, Self, Elem} (curse)
HPRegen 1.37/turn                e - ring "Seer of Ashenzari" {AC+4, Cun, Bglg} (curse)
MPRegen 0.33/turn                i - ring "Oblivion of Ashenzari" {MP+9, Fort, Self} (curse)

@: statue-form, very slow
A: slow and powerful, torment resistance 1, boosted hp, claws 3, slimy green
scales 3, demonic guardian 2, spiny 3, augmentation 2, clumsy 2, cold resistance
1, frail 1, devolution 1
}: 2/15 runes: serpentine, barnacled
a: End Transformation, Renounce Religion, Curse Item, Shatter the Chains


You were on level 2 of the Depths.
You worshipped Ashenzari.
Ashenzari was greatly pleased with you.
You were a living statue of rough stone.
You visited 10 branches of the dungeon, and saw 46 of its levels.
You visited the Abyss 1 time.
You also visited: Ossuary, Bailey, Gauntlet, Ice Cave and Desolation.

You collected 6539 gold pieces.
You spent 6128 gold pieces at shops.

Inventory:

Hand Weapons
 L - the +4 falchion of World Downfall {flame, rPois Int+3}
   (You found it in the Desolation of Salt)

   It burns those it strikes, dealing additional fire damage.
   Big, fiery blades are also staple armaments of hydra-hunters.
   Int:       It affects your intelligence (+3).
   rPois:     It protects you from poison.
 W - a +5 vorpal broad axe (weapon)
Missiles
 u - 8 throwing nets
 M - 7 silver javelins
 R - 8 datura-tipped darts (quivered)
 U - 7 curare-tipped darts
Armour
 c - the +3 warlock's mirror (worn) {reflect}
   (You bought it in a shop on level 2 of the Orcish Mines)

   It can block and reflect piercing ranged attacks and magical attacks against
   the wielder's willpower.
 g - the cursed +2 helmet of the Celestial Vexation (worn) {Comp, Alch}
   (You found it on level 1 of the Dungeon)

   It has a curse which improves the following skills: Companions: Summonings
   and Necromancy.
   Alchemy:   Poison Magic and Transmutations.
 q - the cursed +1 cloak "Shackled Together" (worn) {Elem, Comp}
   (You found it on level 2 of the Dungeon)

   It has a curse which improves the following skills: Elements: Fire Magic, Ice
   Magic, Air Magic and Earth Magic.
   Companions: Summonings and Necromancy.
 t - the cursed +2 pair of boots "Omniscient Orthodoxy" (melded) {rCorr, Fort, Alch}
   (You found it on level 3 of the Elven Halls)

   rCorr:     It protects you from acid and corrosion.
   It has a curse which improves the following skills: Fortitude: Armour and
   Shields.
   Alchemy:   Poison Magic and Transmutations.
 Y - +2 pearl dragon scales (melded)
Jewellery
 a - the cursed amulet of Ashenzari's Mistrust (around neck) {Acrobat rN+ Regen+ Dex+4, Self, Elem}
   (You bought it in a shop on level 11 of the Dungeon)

   [amulet of the acrobat]

   It increases your evasion while moving and waiting.
   Dex:       It affects your dexterity (+4).
   rN:        It protects you from negative energy.
   Regen:     It increases your rate of health regeneration.
   It has a curse which improves the following skills: Introspection: Fighting
   and Spellcasting.
   Elements:  Fire Magic, Ice Magic, Air Magic and Earth Magic.
 e - the cursed ring "Seer of Ashenzari" (left claw) {AC+4, Cun, Bglg}
   (You found it on level 1 of the Dungeon)

   [ring of protection]

   AC:        It affects your AC (+4).
   It has a curse which improves the following skills: Cunning: Dodging and
   Stealth.
   Beguiling: Conjurations, Hexes and Translocations.
 i - the cursed ring "Oblivion of Ashenzari" (right claw) {MP+9, Fort, Self}
   (You found it on level 11 of the Dungeon)

   [ring of magical power]

   MP:        It affects your magic capacity (+9).
   It has a curse which improves the following skills: Fortitude: Armour and
   Shields.
   Introspection: Fighting and Spellcasting.
 v - a ring of willpower
Wands
 l - a wand of flame (33)
 n - a wand of charming (3)
 w - a wand of mindburst (8)
 S - a wand of digging (4)
Scrolls
 b - 4 scrolls of magic mapping
 d - 4 scrolls of butterflies
 m - 2 scrolls of torment
 o - 15 scrolls of teleportation
 p - 2 scrolls of fear
 s - a scroll of summoning
 F - 8 scrolls of vulnerability
 N - 6 scrolls of poison
 T - 2 scrolls of silence
 Z - 3 scrolls of immolation
Potions
 f - 3 potions of mutation
 h - 9 potions of lignification
 k - 5 potions of flight
 r - 19 potions of curing
 z - 2 potions of berserk rage
 B - 4 potions of ambrosia
 C - 4 potions of resistance
 D - 2 potions of haste
 E - 2 potions of brilliance
 H - 5 potions of cancellation
 I - 7 potions of might
 P - 2 potions of magic
 V - 2 potions of invisibility
Miscellaneous
 J - a condenser vane


   Skills:
 - Level 16.6(19.4) Fighting
 - Level 8.7 Axes
 + Level 14.0(15.9) Armour
 - Level 8.4(10.4) Dodging
 - Level 8.3(10.3) Shields
 + Level 14.6(17.5) Spellcasting
 + Level 14.2(16.1) Conjurations
 + Level 14.8(17.7) Necromancy
 - Level 8.7(10.7) Transmutations
 + Level 15.2(18.1) Fire Magic
 + Level 11.3(14.2) Ice Magic
 - Level 6.3(9.3) Air Magic
 - Level 8.6(11.6) Earth Magic
 - Level 7.3(9.3) Poison Magic


You had 13 spell levels left.
You knew the following spells:

 Your Spells              Type           Power      Damage    Failure   Level
a - Kiss of Death         Conj/Necr      100%       2d13      0%          1
b - Sticky Flame          Conj/Fire      80%        2d9       1%          4
c - Hailstorm             Conj/Ice       76%        3d16      1%          3
d - Stone Arrow           Conj/Erth      100%       3d13      1%          3
e - Airstrike             Air            30%        2d(5-21)  1%          4
f - Statue Form           Tmut/Erth      43%        N/A       4%          6
g - Starburst             Conj/Fire      40%        6d11      1%          6
h - Freezing Cloud        Conj/Ice/Air   35%        6-21      1%          5
i - Iron Shot             Conj/Erth      36%        9d7       1%          6
j - Simulacrum            Ice/Necr       39%        N/A       1%          6

Your spell library contained the following spells:

 Spells                   Type           Power      Damage    Failure   Level
 Freeze                   Ice            100%       1d10      0%          1
 Magic Dart               Conj           100%       1d8       0%          1
 Shock                    Conj/Air       100%       1d9       0%          1
 Sublimation of Blood     Necr           82%        N/A       0%          2
 Beastly Appendage        Tmut           100%       N/A       1%          1
 Sandblast                Erth           100%       2d20      1%          1
 Cigotuvi's Dreadful Rot  Necr/Pois/Air  100%       N/A       1%          2
 Ensorcelled Hibernation  Hex/Ice        100%       N/A       1%          2
 Momentum Strike          Conj/Tloc      100%       3d10      1%          2
 Passwall                 Tmut/Erth      54%        N/A       1%          2
 Static Discharge         Conj/Air       100%       2-7/arc   1%          2
 Wereblood                Tmut           64%        N/A       1%          2
 Ignite Poison            Fire/Tmut/Pois 70%        N/A       1%          3
 Inner Flame              Hex/Fire       60%        N/A       1%          3
 Mephitic Cloud           Conj/Pois/Air  67%        N/A       1%          3
 Ozocubu's Armour         Ice            73%        N/A       1%          3
 Spider Form              Tmut/Pois      62%        N/A       1%          3
 Swiftness                Air            60%        N/A       1%          3
 Vhi's Electric Charge    Tloc/Air       86%        N/A       1%          3
 Anguish                  Hex/Necr       29%        N/A       1%          4
 Animate Dead             Necr           82%        N/A       1%          4
 Dispel Undead            Necr           82%        3d27      1%          4
 Ice Form                 Ice/Tmut       69%        N/A       1%          4
 Olgreb's Toxic Radiance  Pois           60%        N/A       1%          4
 Petrify                  Tmut/Erth      65%        N/A       1%          4
 Summon Ice Beast         Ice/Summ       54%        N/A       1%          4
 Alistair's Intoxication  Tmut/Pois      41%        N/A       1%          5
 Blade Hands              Tmut           32%        N/A       1%          5
 Irradiate                Conj/Tmut      35%        3d23      1%          5
 Iskenderun's Battlesphe  Conj           78%        2d13      1%          5
 Lee's Rapid Deconstruct  Erth           33%        3d17*     1%          5
 Lightning Bolt           Conj/Air       35%        1d53      1%          5
 Apportation              Tloc           44%        N/A       2%          1
 Summon Small Mammal      Summ           88%        N/A       2%          1
 Animate Armour           Summ/Erth      98%        N/A       2%          4
 Leda's Liquefaction      Hex/Erth       24%        N/A       2%          4
 Conjure Ball Lightning   Conj/Air       35%        3x3d11    2%          6
 Call Imp                 Summ           22%        N/A       3%          2
 Blink                    Tloc           44%        N/A       4%          2
 Metabolic Englaciation   Hex/Ice        27%        N/A       4%          5
 Eringya's Noxious Bog    Tmut/Pois      31%        N/A       7%          6
 Ozocubu's Refrigeration  Ice            36%        4d15      7%          7
 Call Canine Familiar     Summ           22%        N/A       8%          3
 Confusing Touch          Hex            22%        N/A       8%          3
 Lesser Beckoning         Tloc           44%        N/A       8%          3
 Portal Projectile        Hex/Tloc       44%        N/A       8%          3
 Summon Guardian Golem    Hex/Summ       22%        N/A       8%          3
 Teleport Other           Tloc           22%        N/A       8%          3
 Tukima's Dance           Hex            22%        N/A       8%          3
 Yara's Violent Unravell  Hex/Tmut       23%        3d10      9%          5
 Ignition                 Fire           41%        3d12      11%         8
 Silence                  Hex/Air        21%        N/A       12%         5
 Infestation              Necr           41%        N/A       13%         8
 Cause Fear               Hex            11%        N/A       26%         4
 Passage of Golubria      Tloc           22%        N/A       26%         4
 Dragon Form              Tmut           32%        N/A       30%         7
 Necromutation            Tmut/Necr      36%        N/A       50%         8
 Haunt                    Necr/Summ      29%        N/A       52%         7
 Lehudib's Crystal Spear  Conj/Erth      36%        10d9      54%         8
 Summon Forest            Summ/Tloc      11%        N/A       56%         5
 Summon Mana Viper        Hex/Summ       22%        N/A       56%         5
 Spellforged Servitor     Conj/Summ      28%        N/A       63%         7
 Maxwell's Capacitive Co  Air            30%        ∞         99%         8
 Enfeeble                 Hex            11%        N/A       100%        7
 Monstrous Menagerie      Summ           11%        N/A       100%        7
 Summon Hydra             Summ           11%        N/A       100%        7
 Discord                  Hex            11%        N/A       100%        8
 Disjunction              Tloc           11%        N/A       100%        8
 Summon Horrible Things   Summ           11%        N/A       100%        8
 Chain Lightning          Conj/Air       35%        3d46      100%        9
 Dragon's Call            Summ           11%        N/A       100%        9
 Polar Vortex             Ice            36%        N/A       100%        9
 Shatter                  Erth           33%        3d27*     100%        9


Dungeon Overview and Level Annotations

Branches:
Dungeon (15/15)            Temple (1/1) D:6            Lair (5/5) D:10
 Shoals (4/4) Lair:3        Snake (4/4) Lair:3        Slime (5/5) Lair:4
    Orc (2/2) D:9             Elf (3/3) Orc:2        Vaults (4/5) D:14
  Crypt (0/3) Vaults:2     Depths (3/4) D:15        Ossuary (visited)
 Bailey (visited)           IceCv (visited)         Desolation (visited)
Gauntlet (visited)

Altars:
Ashenzari
Dithmenos
Fedhas
Gozag
Hepliaklqana
Kikubaaqudgha
Makhleb
Nemelex Xobeh
Qazlal
Ru
Trog
Uskayaw
Wu Jian
Yredelemnul

Shops:
D:10 !   D:11 ==[   D:12 !   Orc:2 ?*[[   Elf:1 !   Snake:2 *   Snake:4 !
Vaults:2 :   Vaults:3 *   Vaults:4 (   Depths:1 =:==

Portals:
Hell: Depths:1 Depths:2
Pandemonium: Depths:1

Annotations:
Shoals:3 2 transporters, tinescath's ghost, adept GrEE
Depths:3 Parghit


Innate Abilities, Weirdness & Mutations

You are a living statue of rough stone.
Your actions are slow, but your melee attacks are powerful.
You are resistant to unholy torment.
Your maximum health is greatly increased.
Your equipment is partially melded.
You have claws for hands.
(You are completely covered in slimy green scales. (AC +4, rPois))
A demonic guardian rushes to your aid.
You are completely covered in sharp spines.
Your magical and physical power is enhanced at high health.
You are very clumsy. (Dex -4)
Your flesh is cold resistant. (rC+)
You are frail. (-10% HP)
You have hidden genetic defects.


Message History

The deep troll shaman is engulfed in freezing vapours.
You kill the deep troll shaman!
The iron troll bites you! The iron troll claws you!!
* * * LOW HITPOINT WARNING * * *
The iron troll claws you!!
* * * LOW HITPOINT WARNING * * *
The fire dragon is engulfed in freezing vapours.
The fire dragon is struck by your spines.
You kill the fire dragon!
You block the iron troll's attack.
The iron troll claws you but does no damage.
The iron troll claws you.
* * * LOW HITPOINT WARNING * * *
Unknown command.
You feel much better. The iron troll bites you!!
* * * LOW HITPOINT WARNING * * *
The iron troll completely misses you.
The iron troll claws you but does no damage.
The iron troll is engulfed in freezing vapours.
The iron troll barely misses you.
The iron troll claws you but does no damage.
The iron troll misses you.
You slash the iron troll!
The iron troll is lightly wounded.
You hit the iron troll but do no damage.
Your hell beast bites the iron troll!
Your hell beast barely misses the iron troll.
The iron troll completely misses you.
The iron troll claws you but does no damage.
You block the iron troll's attack.
The iron troll is engulfed in freezing vapours.
You block the iron troll's attack.
The iron troll claws you but does no damage.
The iron troll misses you.
Your hell beast bites the iron troll!!
Your hell beast tramples the iron troll but does no damage.
The iron troll is struck by your spines.
The iron troll closely misses you. The iron troll claws you!!
* * * LOW HITPOINT WARNING * * *
The iron troll barely misses you. The iron troll bites you!!
You die...

......# #...##...## .##.).# ####
#...^#.).#. .#...## #..##
#...##...## ##....# ##...######
#..##.#'#.#
##...###.....##..#####..#∩##.##.
#.....#...#.#....#.....####'###
##....#.#.###...##.##..#.'...'.
* #......###.....#..##..####'###
,
*###....###.§28##÷###..#.'...'.
, #......#.§TT§..# #..#'#####'
,, ###....###§§...# #..#.......
, #.....###§§§## #..####'### ,
,* #..#.....#§§§.# #.....'.+.. ,
#..#.....##§§§# #.....#'#.. ,,
**..#####....#§### #.....).... ,
*... #....>.[...# ##########. ,
.... #..##.{..### ##


You could see 2 iron trolls and a friendly hell beast (summoned).

Vanquished Creatures
  Margery (Vaults:3)
  Bai Suzhen (Snake:4)
  A shard shrike (IceCv)
  Vashnia (Snake:4)
  Jorgrun (Shoals:1)
  A walking earthen tome (Depths:2)
  A titan (Shoals:4)
  3 deep elf blademasters
  A deep elf master archer (Elf:3)
  11 acid blobs
  Roxanne (D:15)
  5 sphinxes
  An azure jelly (Slime:4)
  6 rockslimes
  Donald (Vaults:4)
  13 nagarajas (Snake:4)
  Kirke (Shoals:3)
  5 deep elf sorcerers (Elf:3)
  2 fire giants
  A tengu reaver (Depths:1)
  2 frost giants
  2 imperial myrmidons (Desolation)
  9 vault wardens
  Aizul (Snake:3)
  An angel (Depths:1)
  2 orc warlords
  5 deep elf elementalists (Elf:3)
  23 very ugly things
  2 stone giants (Depths:1)
  8 ironbound preservers
  8 ironbound thunderhulks
  4 quicksilver oozes
  10 dire elephants
  3 deep elf demonologists
  A minotaur (Gauntlet)
  Azrael (D:15)
  9 deep elf annihilators
  A white draconian (IceCv)
  3 spark wasps (Depths:1)
  A deep elf death mage (Elf:3)
  3 merfolk javelineers (Shoals:4)
  An ettin (Depths:1)
  12 yaktaur captains
  3 crystal guardians (Desolation)
  3 fire dragons
  5 deep elf high priests (Elf:3)
  3 entropy weavers
  2 ragged hierophants (Desolation)
  13 merfolk impalers
  5 vault guards
  7 servants of whispers (Desolation)
  10 great orbs of eyes
  2 rakshasas
  9 ogre magi
  10 peacekeepers
  7 hydras
  4 salamander tyrants
  8 anacondas
  5 ice dragons
  2 boulder beetles
  A catoblepas (Lair:2)
  31 centaur warriors
  4 merfolk avatars
  2 death knights
  12 ironbound frosthearts
  4 satyrs
  28 two-headed ogres
  9 death yaks (Lair:4)
  4 deep troll shamans
  6 merfolk aquamancers
  5 tengu warriors
  13 naga warriors
  6 deep troll earth magi
  14 naga sharpshooters
  23 dancing weapons
  2 thrashing horrors
  6 shock serpents
  12 deep elf knights
  An orc high priest (Orc:1)
  6 hell knights (Vaults:3)
  4 iron trolls
  4 salamander mystics
  A sixfirhy (Abyss:2)
  9 skeletal warriors
  3 wretched stars
  25 deep trolls
  6 naga ritualists
  10 sea snakes
  13 ironbound convokers
  A swamp dragon (Lair:5)
  4 glowing orange brains
  2 orange crystal statues
  11 lindwurms
  A harpy (shapeshifter) (Vaults:3)
  9 wizards
  9 deep elf archers
  16 orc knights
  3 tengu zombies
  54 ugly things
  4 necromancers
  4 phantasmal warriors
  36 deep elf pyromancers
  21 harpies
  13 fauns
  An orc sorcerer (Elf:2)
  A will-o-the-wisp (Abyss:2)
  22 deep elf zephyrmancers
  9 mana vipers
  12 manticores
  19 salamanders
  3 shining eyes
  A fire giant skeleton (Vaults:4)
  21 vault sentinels
  17 elephants
  8 guardian serpents
  4 cyclopes
  An elephant (shapeshifter) (Vaults:2)
  A naga zombie (Abyss:2)
  40 black mambas
  A stone giant skeleton (Vaults:4)
  15 naga magi
  5 water nymphs
  6 merfolk sirens
  5 orange demons
  3 eyes of devastation
  2 ice statues (Snake:2)
  2 smoke demons (Abyss:2)
  11 cane toads
  6 torpor snails
  2 gargoyles
  A yaktaur zombie (Vaults:4)
  2 kobold demonologists (D:11)
  A demonic crawler (Abyss:2)
  2 minotaur zombies (Gauntlet)
  9 komodo dragons
  20 rime drakes
  2 freezing wraiths
  4 unseen horrors
  2 tengu conjurers
  28 yaktaurs
  25 polar bears
  A queen bee (shapeshifter) (Elf:1)
  11 trolls
  14 wind drakes
  20 merfolk
  96 slime creatures
  3 tyrant leeches (Lair:5)
  9 hornets
  40 saltlings (Desolation)
  11 dream sheep
  7 snapping turtles
  A dream sheep (shapeshifter) (Depths:2)
  A jumping spider (Vaults:3)
  A human simulacrum (Vaults:1)
  A shadow (D:11)
  26 water elementals
  19 air elementals
  A yak (shapeshifter) (D:15)
  2 vampires
  A ynoxinul (Abyss:2)
  40 yaks
  2 wraiths
  2 wyverns
  3 fire elementals
  2 redbacks
  3 steam dragons
  Eustachio (D:5)
  3 golden eyes (Slime:4)
  9 vampire mosquitoes
  7 basilisks
  2 wargs
  4 large abominations (Abyss:2)
  A glowing shapeshifter zombie (Vaults:3)
  29 nagas
  An ogre zombie (Vaults:4)
  6 acid dragons
  10 water moccasins
  5 hell hounds
  A floating eye (Depths:1)
  2 swamp drakes (Lair:5)
  An ettin simulacrum (Vaults:3)
  A black bear (D:5)
  29 orc warriors
  2 sky beasts
  A sky beast (shapeshifter) (D:15)
  30 ogres
  5 boggarts (Vaults:4)
  8 wolves
  10 centaurs
  2 phantoms (D:5)
  4 small abominations
  7 kobold brigands
  An elf zombie (D:5)
  15 bullfrogs
  3 gnoll sergeants
  5 scorpions
  2 water moccasin zombies (Ossuary)
  3 elf skeletons
  2 earth elementals
  15 wights
  4 killer bees (D:10)
  3 electric eels
  13 howler monkeys
  8 lava snakes
  A human zombie (D:5)
  5 hounds
  2 jellies
  19 orc priests
  An iron imp (Elf:2)
  A human skeleton (D:5)
  Ijyb (D:4)
  8 iguanas
  24 orc wizards
  6 hell rats (Lair:5)
  2 yak simulacra (D:14)
  2 polar bear simulacra (D:14)
  A wolf simulacrum (D:14)
  2 mummies (Ossuary)
  20 gnolls
  9 adders
  2 shadow imps (D:4)
  3 white imps
  2 ufetubi
  3 adder zombies (Ossuary)
  A worm (shapeshifter) (D:10)
  4 worms
  7 dart slugs
  90 orcs
  7 bats
  5 endoplasms
  3 giant cockroaches (D:1)
  2 gnoll zombies (Ossuary)
  8 goblins
  5 hobgoblins
  7 jackals
  24 kobolds
  3 quokkas
  5 ball pythons
  3 frilled lizards
  5 hobgoblin zombies (Ossuary)
  6 kobold zombies (Ossuary)
  12 orc zombies
  2 rats
  A river rat simulacrum (D:14)
1920 creatures vanquished.

Vanquished Creatures (collateral kills)
  An orc warlord (Vaults:2)
  A very ugly thing (D:15)
  2 ironbound thunderhulks
  A dire elephant (Vaults:1)
  A great orb of eyes (D:15)
  2 peacekeepers
  A merfolk impaler (Shoals:3)
  A salamander tyrant (Snake:4)
  A servant of whispers (Desolation)
  3 centaur warriors
  An alligator snapping turtle (Shoals:3)
  An ironbound frostheart (Vaults:3)
  2 dancing weapons (Elf:2)
  4 naga warriors (Snake:4)
  3 death yaks (Lair:4)
  A naga sharpshooter (Snake:2)
  A deep elf knight (Elf:3)
  2 deep trolls (Depths:1)
  2 deep elf archers
  A lindwurm (Vaults:1)
  3 orc knights
  2 deep elf zephyrmancers (Elf:1)
  An oklob plant (Lair:5)
  5 deep elf pyromancers (Elf:1)
  3 ugly things
  A manticore (Shoals:4)
  A merfolk siren (Shoals:4)
  A naga mage (Snake:4)
  A water nymph (Shoals:4)
  A gargoyle (D:13)
  A cane toad (Lair:2)
  4 yaktaurs (Vaults:3)
  A komodo dragon (Lair:5)
  4 merfolk
  A troll (D:12)
  A wind drake (Shoals:4)
  A saltling (Desolation)
  2 yaks
  2 orc warriors
  2 kobold brigands (Bailey)
  A wight (D:7)
  A polar bear simulacrum (D:14)
  2 yak simulacra (D:14)
  2 wolf simulacra (D:14)
76 creatures vanquished.

Vanquished Creatures (others)
  A dancing weapon (Elf:2)
  2 deep elf zephyrmancers
  A necromancer (Vaults:1)
  A manticore (Shoals:4)
  Sigmund (D:3)
  7 humans (Shoals:4)
  An earth elemental (Elf:3)
  An orc wizard (D:9)
  A gnoll (D:9)
  A ball python (D:4)
  A quokka (D:1)
  A bush (Lair:5)
  2 foxfires (Abyss:2)
  42 fungi
  171 plants
  28 withered plants
262 creatures vanquished.

Grand Total: 2258 creatures vanquished

Notes
Turn   | Place    | Note
-------+----------+-------------------------------------------
     0 | D:1      | Shayle the Demonspawn Reaver began the quest for the Orb.
     0 | D:1      | Reached XP level 1. HP: 16/16 MP: 3/3
   161 | D:1      | Gained mutation: You are partially covered in slimy green
                  | scales. (AC +2) [demonic ancestry]
   161 | D:1      | Reached XP level 2. HP: 20/22 MP: 5/5
   857 | D:1      | Reached XP level 3. HP: 17/25 MP: 6/6
  1046 | D:2      | Reached skill level 3 in Fighting
  1046 | D:2      | Reached XP level 4. HP: 32/35 MP: 7/7
  1490 | D:3      | Gained mutation: A weak demonic guardian rushes to your
                  | aid. [demonic ancestry]
  1490 | D:3      | Reached XP level 5. HP: 40/41 MP: 8/8
  1787 | D:3      | Found a sparkling altar of Nemelex Xobeh.
  1824 | D:3      | Noticed Sigmund
  1838 | D:3      | Killed Sigmund
  1839 | D:3      | Reached skill level 4 in Fighting
  1839 | D:3      | Gained mutation: You are mostly covered in slimy green
                  | scales. (AC +3) [demonic ancestry]
  1839 | D:3      | Reached XP level 6. HP: 46/48 MP: 9/9
  2101 | D:4      | Found a transporter.
  2106 | D:4      | Found a transporter.
  2287 | D:4      | Noticed Ijyb
  2309 | D:4      | Killed Ijyb
  2310 | D:4      | Gained mutation: You have sharp fingernails. [demonic
                  | ancestry]
  2310 | D:4      | Reached XP level 7. HP: 47/50 MP: 8/10
  2385 | D:4      | Identified 2 scrolls of acquirement
  2385 | D:4      | Acquired the Treatise on Dynamic Congelation
  2388 | D:4      | Acquired a +2 buckler of positive energy
  2592 | D:5      | Entered Level 5 of the Dungeon
  2775 | D:5      | Learned a level 4 spell: Sticky Flame
  2837 | D:5      | Reached skill level 5 in Axes
  2858 | D:5      | Reached skill level 1 in Shields
  2859 | D:5      | Found a sand-covered staircase.
  2884 | D:5      | Reached skill level 5 in Fighting
  2887 | Ossuary  | Entered an ossuary
  2934 | Ossuary  | Reached skill level 1 in Fire Magic
  3165 | D:5      | Gained mutation: You are partially covered in sharp spines.
                  | [demonic ancestry]
  3165 | D:5      | Reached XP level 8. HP: 62/62 MP: 11/11
  3269 | D:5      | Reached skill level 5 in Dodging
  3279 | D:5      | Noticed Eustachio
  3281 | D:5      | Killed Eustachio
  3302 | D:5      | Found a broken altar of Ashenzari.
  3323 | D:5      | Became a worshipper of Ashenzari the Shackled
  3512 | D:5      | Found a hazy altar of Hepliaklqana.
  3672 | D:5      | Reached skill level 6 in Fighting
  3903 | D:5      | Found an opulent altar of Gozag.
  4034 | D:6      | Identified the +0 robe "Adipnod" {rPois Stlth+}
  4088 | D:6      | Gained mutation: You are completely covered in slimy green
                  | scales. (AC +4, rPois) [demonic ancestry]
  4088 | D:6      | Reached XP level 9. HP: 69/69 MP: 12/12
  4140 | D:6      | Learned a level 3 spell: Hailstorm
  4415 | D:6      | Found a basalt altar of Yredelemnul.
  4418 | D:6      | Found a staircase to the Ecumenical Temple.
  4431 | Temple   | Entered the Ecumenical Temple
  4734 | D:7      | Found a sacrificial altar of Ru.
  5157 | D:7      | Reached skill level 7 in Fighting
  5871 | D:8      | Found a shadowy altar of Dithmenos.
  5984 | D:8      | Found a blossoming altar of Fedhas.
  6706 | D:9      | Found a flagged portal.
  6749 | Bailey   | Entered a bailey
  6800 | Bailey   | Reached XP level 10. HP: 65/79 MP: 13/13
  6809 | Bailey   | Reached * piety under Ashenzari
  6842 | Bailey   | Reached skill level 5 in Fire Magic
  6904 | Bailey   | Noticed an orc knight
  6904 | Bailey   | Noticed an orc knight
  6915 | Bailey   | Killed an orc knight
  6916 | Bailey   | Killed an orc knight
  6931 | Bailey   | Identified the Writings on Shapes
  6932 | Bailey   | Found a bloodstained altar of Trog.
  7036 | D:9      | Found a staircase to the Orcish Mines.
  7104 | D:9      | Reached skill level 8 in Fighting
  7116 | D:10     | Entered Level 10 of the Dungeon
  7198 | D:10     | Found a staircase to the Lair.
  7207 | Lair:1   | Entered Level 1 of the Lair of Beasts
  7221 | Lair:1   | Noticed a cane toad
  7229 | Lair:1   | Killed a cane toad
  7280 | Lair:1   | Learned a level 3 spell: Stone Arrow
  7451 | Lair:1   | Gained mutation: You are mostly covered in sharp spines.
                  | [demonic ancestry]
  7451 | Lair:1   | Reached XP level 11. HP: 87/87 MP: 13/15
  7544 | Lair:1   | Identified the +1 scimitar of Eternal Vigilance {vorpal,
                  | rN+++ Will-}
  7821 | Lair:1   | Noticed an orange crystal statue
  8074 | Lair:2   | Reached skill level 9 in Fighting
  8081 | Lair:2   | Noticed a six-headed hydra
  8089 | Lair:2   | Noticed a catoblepas
  8092 | Lair:2   | Killed a six-headed hydra
  8277 | Lair:2   | Killed a catoblepas
  8391 | Lair:1   | Reached skill level 5 in Spellcasting
  8415 | Lair:2   | Reached skill level 10 in Fighting
  8821 | Lair:3   | Found a staircase to the Snake Pit.
  8907 | Lair:2   | Gained mutation: You have very sharp fingernails. [demonic
                  | ancestry]
  8907 | Lair:2   | Reached XP level 12. HP: 67/98 MP: 21/21
  9102 | Lair:3   | Noticed a seven-headed hydra
  9114 | Lair:3   | Killed a seven-headed hydra
  9149 | Lair:3   | Reached skill level 11 in Fighting
  9400 | Lair:3   | Found a staircase to the Shoals.
  9671 | Lair:4   | Found a staircase to the Slime Pits.
  9699 | Lair:4   | Noticed a death yak
  9730 | Lair:4   | Killed a death yak
  9812 | Lair:4   | Noticed a death yak
  9813 | Lair:4   | Noticed a death yak
  9817 | Lair:4   | Noticed a seven-headed hydra
  9829 | Lair:4   | Killed a death yak
  9839 | Lair:4   | Killed a seven-headed hydra
  9852 | Lair:4   | Killed a death yak
  9983 | Lair:4   | Noticed a death yak
  9985 | Lair:4   | Noticed a death yak
  9985 | Lair:4   | Noticed a death yak
  9985 | Lair:4   | Noticed a death yak
 10005 | Lair:4   | Killed a death yak
 10014 | Lair:4   | Killed a death yak
 10018 | Lair:4   | Killed a death yak
 10022 | Lair:4   | Killed a death yak
 10051 | Lair:4   | Reached skill level 10 in Spellcasting
 10119 | Lair:4   | Reached skill level 12 in Fighting
 10168 | Lair:4   | Noticed a death yak
 10189 | Lair:4   | Noticed a death yak
 10190 | Lair:4   | Noticed a death yak
 10192 | Lair:4   | Noticed a death yak
 10193 | Lair:4   | Noticed a death yak
 10193 | Lair:4   | Killed a death yak
 10211 | Lair:4   | Killed a death yak
 10230 | Lair:4   | Killed a death yak
 10231 | Lair:4   | Reached skill level 1 in Earth Magic
 10231 | Lair:4   | Reached skill level 1 in Poison Magic
 10231 | Lair:4   | Reached XP level 13. HP: 106/108 MP: 27/27
 10233 | Lair:4   | Reached skill level 1 in Transmutations
 10616 | Lair:5   | Entered Level 5 of the Lair of Beasts
 11114 | Lair:5   | Reached ** piety under Ashenzari
 11883 | Lair:5   | Identified the amulet of Amorality {RegenMP rPois rC- rN++
                  | Will+++}
 12572 | Lair:5   | Noticed a fire dragon
 12588 | Lair:5   | Killed a fire dragon
 12863 | Lair:5   | Found a runed translucent door.
 12938 | Lair:5   | Reached XP level 14. HP: 119/119 MP: 14/30
 13688 | D:10     | Reached skill level 5 in Poison Magic
 13918 | D:10     | Reached skill level 13 in Fighting
 13963 | D:10     | Identified the +1 trident "Utrupy" {drain, rF+}
 14136 | D:11     | Found Gasisuil's Jewellery Shoppe.
 14156 | D:11     | Bought the amulet "Ruptasoj" {Acrobat rN+ Regen+ Dex+4} for
                  | 644 gold pieces
 14385 | D:11     | Found Daklorip's Jewellery Shop.
 14487 | D:11     | Found Soop's Jewellery Shop.
 14562 | D:11     | Reached skill level 5 in Transmutations
 14567 | D:11     | Reached skill level 5 in Earth Magic
 14703 | D:11     | Found Radett's Antique Armour Shoppe.
 14882 | D:12     | Found Gajoubb's Distillery.
 14886 | D:12     | Bought a potion of curing for 48 gold pieces
 16067 | D:9      | Found an ornate altar of the Wu Jian Council.
 16242 | Orc:1    | Entered Level 1 of the Orcish Mines
 16560 | Orc:2    | Entered Level 2 of the Orcish Mines
 16560 | Orc:2    | Found a burning altar of Makhleb.
 17009 | Orc:2    | Learned a level 4 spell: Airstrike
 17235 | Orc:2    | Reached XP level 15. HP: 70/127 MP: 12/31
 17354 | Orc:2    | Reached skill level 1 in Armour
 17517 | Orc:2    | Found Ryaschaf's General Store.
 17517 | Orc:2    | Found Zarr's Magic Scroll Emporium.
 17518 | Orc:2    | Found Erigg's Antique Armour Shoppe.
 17518 | Orc:2    | Found Yraum's Antique Armour Shop.
 17545 | Orc:2    | Bought the +3 warlock's mirror {reflect} for 1200 gold
                  | pieces
 17545 | Orc:2    | Found the +3 warlock's mirror {reflect}
 17613 | Orc:2    | Found a staircase to the Elven Halls.
 17784 | Orc:2    | Bought 2 scrolls of teleportation for 72 gold pieces
 17784 | Orc:2    | Bought a scroll of fear for 48 gold pieces
 17785 | Orc:2    | Bought a potion of resistance for 160 gold pieces
 17785 | Orc:2    | Bought a scroll of blinking for 120 gold pieces
 17787 | Orc:2    | Bought a warped leather armour for 245 gold pieces
 17787 | Orc:2    | Identified the +2 leather armour of Xom's Favour {Slay+2}
                  | (You bought it in a shop on level 2 of the Orcish Mines)
 18353 | D:10     | Found a stormy altar of Qazlal.
 18610 | D:10     | Found Xayh's Distillery.
 18630 | D:10     | Bought a potion of might for 64 gold pieces
 18630 | D:10     | Bought a potion of might for 64 gold pieces
 18630 | D:10     | Bought a potion of curing for 48 gold pieces
 18630 | D:10     | Bought a potion of curing for 48 gold pieces
 18630 | D:10     | Bought a potion of might for 64 gold pieces
 18996 | D:10     | Found an ancient bone altar of Kikubaaqudgha.
 19368 | D:13     | Noticed Sonja
 19370 | D:13     | Sonja changed into something unseen
 19374 | D:13     | Killed Sonja the unseen horror
 20603 | Shoals:1 | Entered Level 1 of the Shoals
 20682 | Shoals:1 | Learned a level 6 spell: Statue Form
 20837 | Shoals:1 | Noticed Jorgrun
 20853 | Shoals:1 | Killed Jorgrun
 21554 | Shoals:1 | Reached skill level 5 in Armour
 21618 | Shoals:1 | Reached skill level 1 in Air Magic
 21655 | Shoals:1 | Identified the cursed +2 pair of boots of Supernal Gnosis
                  | {Self, Fort} (You found it on level 3 of the Lair of
                  | Beasts)
 23023 | Shoals:2 | Gained mutation: A demonic guardian rushes to your aid.
                  | [demonic ancestry]
 23023 | Shoals:2 | Reached XP level 16. HP: 104/136 MP: 20/33
 23633 | Shoals:3 | Reached skill level 1 in Necromancy
 24186 | Shoals:3 | Found a transporter.
 24276 | Shoals:3 | Found a transporter.
 24423 | Shoals:3 | Noticed tinescath's ghost (adept GrEE)
 24423 | Shoals:3 | Found a bloodstained altar of Trog.
 25112 | Shoals:4 | Entered Level 4 of the Shoals
 25213 | Shoals:4 | Paralysed by an air elemental for 1 turns
 25807 | Shoals:4 | Noticed Kirke
 25826 | Shoals:3 | Killed Kirke
 25826 | Shoals:3 | Identified the cursed +2 helmet of the Celestial Vexation
                  | {Comp, Alch} (You found it on level 1 of the Dungeon)
 25826 | Shoals:3 | Identified the cursed ring "Seer of Ashenzari" {AC+4, Cun,
                  | Bglg} (You found it on level 1 of the Dungeon)
 25859 | Shoals:4 | Paralysed by an air elemental for 1 turns
 25863 | Shoals:4 | Reached skill level 14 in Fighting
 25961 | Shoals:4 | Paralysed by an air elemental for 1 turns
 26361 | Shoals:4 | Reached skill level 5 in Air Magic
 26704 | Shoals:4 | Paralysed by an air elemental for 1 turns
 26787 | Shoals:4 | Paralysed by an air elemental for 1 turns
 26992 | Shoals:4 | Paralysed by an air elemental for 1 turns
 27043 | Shoals:4 | Paralysed by an air elemental for 1 turns
 27446 | Shoals:4 | Paralysed by an air elemental for 1 turns
 27454 | Shoals:4 | Paralysed by an air elemental for 1 turns
 27456 | Shoals:4 | Paralysed by an air elemental for 1 turns
 27460 | Shoals:4 | Paralysed by an air elemental for 1 turns
 27468 | Shoals:4 | Paralysed by an air elemental for 1 turns
 27495 | Shoals:4 | Reached skill level 5 in Conjurations
 27512 | Shoals:4 | Noticed a titan
 27609 | Shoals:3 | Learned a level 6 spell: Starburst
 27734 | Shoals:4 | Killed a titan
 27895 | Shoals:4 | Reached *** piety under Ashenzari
 27903 | Shoals:4 | Identified Cassomm's Catalogue of Grit and Rime
 27930 | Shoals:4 | Got a barnacled rune of Zot
 28151 | Shoals:4 | Reached XP level 17. HP: 144/144 MP: 6/34
 29404 | D:13     | Gained mutation: You are clumsy. (Dex -2) [mutagenic glow]
 29474 | D:12     | Lost mutation: You are clumsy. (Dex -2) [potion of
                  | mutation]
 29474 | D:12     | Gained mutation: You are weak. (Str -2) [potion of
                  | mutation]
 29474 | D:12     | Gained mutation: Your spells are a little easier to cast,
                  | but a little less powerful. [potion of mutation]
 29474 | D:12     | Gained mutation: You occasionally lose the ability to drink
                  | potions when taking damage. [potion of mutation]
 29474 | D:12     | Gained mutation: You are robust. (+10% HP) [potion of
                  | mutation]
 29475 | D:12     | Lost mutation: You occasionally lose the ability to drink
                  | potions when taking damage. [potion of mutation]
 29475 | D:12     | Lost mutation: Your spells are a little easier to cast, but
                  | a little less powerful. [potion of mutation]
 29475 | D:12     | Lost mutation: You are robust. (+10% HP) [potion of
                  | mutation]
 29475 | D:12     | Gained mutation: You are clumsy. (Dex -2) [potion of
                  | mutation]
 29475 | D:12     | Gained mutation: You possess an exceptional clarity of
                  | mind. [potion of mutation]
 29475 | D:12     | Gained mutation: You are strong-willed. (Will+) [potion of
                  | mutation]
 29476 | D:12     | Lost mutation: You possess an exceptional clarity of mind.
                  | [potion of mutation]
 29476 | D:12     | Lost mutation: You are weak. (Str -2) [potion of mutation]
 29476 | D:12     | Gained mutation: Your skin changes colour to match your
                  | surroundings (Stealth+). [potion of mutation]
 29476 | D:12     | Gained mutation: You are very clumsy. (Dex -4) [potion of
                  | mutation]
 29476 | D:12     | Gained mutation: Your spells are a little harder to cast,
                  | but a little more powerful. [potion of mutation]
 29477 | D:12     | Lost mutation: Your spells are a little harder to cast, but
                  | a little more powerful. [potion of mutation]
 29477 | D:12     | Lost mutation: You are strong-willed. (Will+) [potion of
                  | mutation]
 29477 | D:12     | Lost mutation: Your skin changes colour to match your
                  | surroundings (Stealth+). [potion of mutation]
 29477 | D:12     | Lost mutation: You are very clumsy. (Dex -4) [potion of
                  | mutation]
 29477 | D:12     | Gained mutation: Your flesh is cold resistant. (rC+)
                  | [potion of mutation]
 29477 | D:12     | Gained mutation: Your magical capacity is low. (-10% MP)
                  | [potion of mutation]
 29478 | D:12     | Lost mutation: Your magical capacity is low. (-10% MP)
                  | [potion of mutation]
 29478 | D:12     | Lost mutation: Your flesh is cold resistant. (rC+) [potion
                  | of mutation]
 29478 | D:12     | Gained mutation: You are weak. (Str -2) [potion of
                  | mutation]
 29479 | D:12     | Lost mutation: You are clumsy. (Dex -2) [potion of
                  | mutation]
 29479 | D:12     | Lost mutation: You are weak. (Str -2) [potion of mutation]
 29479 | D:12     | Gained mutation: Your flesh is cold resistant. (rC+)
                  | [potion of mutation]
 29856 | D:14     | Found an ancient bone altar of Kikubaaqudgha.
 30073 | D:14     | Reached skill level 5 in Necromancy
 30086 | D:14     | Found a gate to the Vaults.
 30182 | D:15     | Entered Level 15 of the Dungeon
 30204 | D:15     | Found a gate leading to a gauntlet.
 30213 | Gauntlet | Entered a Gauntlet
 30213 | Gauntlet | Found a transporter.
 30213 | Gauntlet | Found a transporter.
 30213 | Gauntlet | Found a transporter.
 30216 | Gauntlet | Found a transporter.
 30219 | Gauntlet | Found a transporter.
 30224 | Gauntlet | Identified the amulet of Goosuho {Reflect rElec Regen+
                  | SH+5}
 30229 | Gauntlet | Found a transporter.
 30233 | Gauntlet | Identified the ring of Dim Light {Wiz rC- rN+ Dex+6 Slay-6}
 30256 | Gauntlet | Found a transporter.
 30257 | Gauntlet | Identified the +0 pair of boots of Oblivion {Str+4 Int-2}
 30264 | Gauntlet | Found a transporter.
 30270 | Gauntlet | Found a transporter.
 30288 | Gauntlet | Found a transporter.
 30296 | Gauntlet | Found a transporter.
 30313 | Gauntlet | Found a transporter.
 30543 | Gauntlet | Reached skill level 10 in Fire Magic
 30925 | D:15     | Identified Roxanne's Textbook on Transformation
 30925 | D:15     | Noticed Roxanne
 31079 | D:15     | Found a staircase to the Depths.
 31516 | D:15     | Noticed Azrael
 31907 | Snake:1  | Entered Level 1 of the Snake Pit
 32193 | Elf:1    | Entered Level 1 of the Elven Halls
 32438 | Elf:1    | Paralysed by an air elemental for 1 turns
 32625 | Elf:1    | Upgraded the game from 0.30-a0-371-gad7725a93e to
                  | 0.30-a0-373-gd37427bb62
 32819 | Elf:1    | Paralysed by an air elemental for 1 turns
 32914 | Elf:1    | Identified the Catalogue of Bolts
 32929 | Elf:1    | Learned a level 5 spell: Freezing Cloud
 33280 | Elf:1    | Found Towunut's Distillery.
 33285 | Elf:1    | Bought a potion of heal wounds for 60 gold pieces
 33285 | Elf:1    | Bought a potion of heal wounds for 60 gold pieces
 33285 | Elf:1    | Bought a potion of heal wounds for 60 gold pieces
 33285 | Elf:1    | Bought a potion of heal wounds for 60 gold pieces
 33292 | Elf:1    | Reached skill level 15 in Fighting
 33292 | Elf:1    | Reached skill level 1 in Ice Magic
 34162 | Abyss:2  | Cast into level 2 of the Abyss (a deep elf demonologist)
 34323 | Abyss:2  | Gained mutation: You have claws for hands. [demonic
                  | ancestry]
 34323 | Abyss:2  | Reached XP level 18. HP: 155/155 MP: 36/36
 34356 | Abyss:2  | Found a corrupted altar of Lugonu.
 34516 | Elf:2    | Escaped the Abyss
 34977 | Elf:2    | Found a runed translucent gate.
 34977 | Elf:2    | Found a runed translucent gate.
 34977 | Elf:2    | Found a runed translucent gate.
 34991 | Elf:2    | Learned a level 6 spell: Iron Shot
 35320 | Elf:2    | Reached skill level 5 in Shields
 36789 | Elf:3    | Entered Level 3 of the Elven Halls
 36791 | Elf:3    | Paralysed by an air elemental for 1 turns
 37685 | Elf:3    | Identified the +7 plate armour of the Armoured One {Str+3}
 38117 | Elf:3    | Noticed a Hell Sentinel
 38118 | Elf:3    | Noticed a Tzitzimitl
 38465 | Elf:3    | Identified the amulet "Luesm" {Spirit Will- Regen+ rCorr
                  | SInv}
 38765 | Elf:3    | Gained mutation: You are completely covered in sharp
                  | spines. [demonic ancestry]
 38765 | Elf:3    | Reached XP level 19. HP: 163/163 MP: 5/37
 38776 | Elf:3    | Identified the +0 robe "Waliqah" {rC+ SInv}
 38951 | Elf:3    | Identified the +1 ring mail of Cowardice {rF+ Int+4 Stlth+}
 38957 | Elf:3    | Identified the +2 pair of boots of Subjectivity {rCorr}
 38959 | Elf:3    | Identified the Teachings on Changed Ensorcelling
 39000 | Elf:3    | Identified the +2 helmet of Pufinoot {Fly Str-5 Int+3
                  | Stlth+}
 39003 | Elf:3    | Identified the +1 scale mail "Assuuschi" {Slay+3}
 39003 | Elf:3    | Identified the +1 ring mail of Plog {rPois Regen+ rCorr
                  | Int-5}
 39010 | Elf:3    | Identified the Codex of Despicable Rites and the
                  | Congregation
 40206 | D:14     | Reached skill level 10 in Armour
 40429 | D:15     | Killed Azrael
 41043 | D:15     | Killed Roxanne
 41148 | Vaults:1 | Entered Level 1 of the Vaults
 41206 | Vaults:1 | Reached skill level 5 in Ice Magic
 41862 | Vaults:1 | Reached skill level 16 in Fighting
 42948 | Vaults:1 | Reached skill level 10 in Necromancy
 43387 | Vaults:2 | Found Dewyadih's Book Boutique.
 43407 | Vaults:2 | Reached skill level 10 in Conjurations
 43488 | Vaults:2 | Found a staircase to the Crypt.
 43488 | Vaults:2 | Found an ancient bone altar of Kikubaaqudgha.
 43489 | Vaults:2 | Found a basalt altar of Yredelemnul.
 44033 | Vaults:2 | HP: 5/164 [orc warlord/+2 great sword of holy wrath (22)]
 44572 | Vaults:2 | Gained mutation: Your magical and physical power is
                  | slightly enhanced at high health. [demonic ancestry]
 44572 | Vaults:2 | Reached XP level 20. HP: 170/170 MP: 26/37
 45601 | Vaults:2 | Reached **** piety under Ashenzari
 46344 | Vaults:3 | Found a crumbling gateway.
 46376 | Desolati | Entered the Desolation of Salt
 46660 | Desolati | Learned a level 6 spell: Simulacrum
 46678 | Desolati | Identified the Encyclopedia of the Heron
 46683 | Desolati | Found the +3 pair of gauntlets of War {Slay+5}
 47153 | Desolati | Identified the +4 falchion of World Downfall {flame, rPois
                  | Int+3}
 47227 | Desolati | Identified the ring of Cinkoy {Contam Fly rF- rN++ Str+6}
 47228 | Desolati | Identified the amulet of Voxollih {Spirit rPois}
 47555 | Desolati | Identified the +8 dagger "Ylluzass" {vamp, rF+ rC- Int+5}
 48207 | Vaults:3 | Found Dysecuop's Assorted Antiques.
 48347 | Vaults:3 | Bought a scroll labelled ASACUI GUQE for 48 gold pieces
 48347 | Vaults:3 | Bought a scroll of fear for 192 gold pieces
 48934 | Vaults:3 | Noticed Margery
 48942 | Vaults:3 | Reached XP level 21. HP: 120/181 MP: 27/40
 48942 | Vaults:3 | Killed Margery
 51179 | Vaults:4 | Noticed Donald
 51186 | Vaults:4 | Killed Donald
 51592 | Vaults:4 | Found Evicvile's Weapon Emporium.
 53647 | Snake:2  | Found a frozen archway.
 53729 | Snake:2  | Found a hide-covered altar of Uskayaw.
 53736 | IceCv    | Entered an ice cave
 54507 | IceCv    | Noticed a shard shrike
 54517 | IceCv    | Killed a shard shrike
 54677 | IceCv    | Identified the Guidebook on Hoarfrost
 55531 | Snake:2  | Gained mutation: Your magical and physical power is
                  | enhanced at high health. [demonic ancestry]
 55531 | Snake:2  | Reached XP level 22. HP: 183/188 MP: 30/42
 55773 | Snake:2  | Found Tinugi's Assorted Antiques.
 55783 | Snake:2  | Bought a scroll of acquirement for 1976 gold pieces
 55783 | Snake:2  | Acquired the Parchment of Boreal Grit
 56640 | Snake:3  | Noticed Aizul
 56650 | Snake:3  | Killed Aizul
 57424 | Snake:4  | Entered Level 4 of the Snake Pit
 57788 | Snake:4  | Found Jown's Distillery.
 57796 | Snake:4  | Bought a potion of ambrosia for 136 gold pieces
 57796 | Snake:4  | Bought a potion of curing for 51 gold pieces
 58112 | Snake:4  | Noticed Bai Suzhen
 58121 | Snake:4  | Killed Bai Suzhen
 58463 | Snake:4  | Noticed Vashnia
 58470 | Snake:4  | Reached skill level 10 in Ice Magic
 58488 | Snake:4  | Killed Vashnia
 59329 | Snake:4  | Identified the +5 sling "Leviticus" {antimagic, +Blink rF+
                  | rCorr}
 59502 | Snake:4  | Got a serpentine rune of Zot
 59861 | Slime:1  | Entered Level 1 of the Pits of Slime
 62141 | Slime:4  | Reached XP level 23. HP: 194/194 MP: 31/44
 62786 | Slime:5  | Entered Level 5 of the Pits of Slime
 62809 | Slime:5  | Gained mutation: You have hidden genetic defects. [a
                  | shining eye]
 62811 | Slime:5  | Gained mutation: You are clumsy. (Dex -2) [a shining eye]
 62921 | Slime:5  | Gained mutation: You are very clumsy. (Dex -4) [a shining
                  | eye]
 63400 | Depths:1 | Entered Level 1 of the Depths
 63412 | Depths:1 | Reached skill level 15 in Fire Magic
 63797 | Depths:1 | Identified Fudaclor's Tractate on the Frigid Excursion
 63816 | Depths:1 | Found Furur's Jewellery Shop.
 63824 | Depths:1 | Found a runed translucent door.
 64090 | Depths:1 | Found a gateway to Hell.
 64366 | Depths:1 | Found Vunaod's Book Shoppe.
 64367 | Depths:1 | Found Lynatu Mist's Jewellery Boutique.
 64367 | Depths:1 | Found Woogg's Jewellery Boutique.
 64376 | Depths:1 | Bought the Unrestrained Analects for 660 gold pieces
 64519 | Depths:1 | Gained mutation: You are frail. (-10% HP) [hidden defects]
 64945 | Depths:1 | Found a one-way gate leading to the halls of Pandemonium.
 65592 | Depths:2 | Noticed a juggernaut
 65640 | Depths:3 | Noticed Parghit
 65648 | Depths:2 | Mangled by an iron troll

Illustrated notes

Levels and vault maps discovered:
D:1:      minmay_arrival_semitransparent, layout_basic
D:2:      layout_rooms, grunt_decor_mini_mirrors
D:3:      layout_rooms, lemuel_tele_altar, uniq_sigmund
D:4:      gammafunk_wand_slinger, layout_cave_pools, uniq_ijyb
D:5:      minmay_angry_zag, layout_loops_ring, mainiacjoe_overflow_brackets,
          mainiacjoe_overflow_surrounded_room, nicolae_ossuary_entry_catacombs,
          chequers_hall_statues_wall_a, hellmonk_bongcloud_opening,
          minmay_ruined_shrine, uniq_eustachio
D:6:      layout_basic, mainiacjoe_overflow_alcove_1,
          minmay_temple_entry_antechambers
D:7:      nicolae_cairo_tiling_very_big, layout_loops_cross,
          amcnicky_altar_gilded
D:8:      layout_loops_ring, grunt_dithmenos_smoke_and_mirrors,
          fedhas_altar_fruit_tree
D:9:      layout_stronghold, pdpol_wu_jian_five_deadly_venoms, david_orc_3,
          enter_bailey_2, dreamdust_princess_corridor
D:10:     nzn_winding_woodlands_small [nzn_winding_woodlands_5x15_concentric,
          nzn_winding_woodlands_center_lodge,
          nzn_winding_woodlands_5x15_zeroes], layout_loops_ring,
          nicolae_qazlal_general_emergency, marbit_many_paths,
          mainiacjoe_overflow_alcove_2, david_lair_shrubbed, serial_shops,
          nicolae_shop_crystal, minmay_diamond_spiral
D:11:     layout_loops_ring, serial_shops, shop,
          nicolae_shop_competitors_out_of_business, shop, shop,
          fungi_pond_lemuel
D:12:     layout_loops_ring, serial_shops, shop
D:13:     layout_cave_pods, nicolae_figureground_sparkle, uniq_sonja
D:14:     layout_long_grid, david_vaults_1, kiku_gazebo_garden_becter,
          eino_house_with_fridge
D:15:     gammafunk_enter_depths_forms, layout_loops_cross,
          gauntlet_entry_generic, uniq_azrael, uniq_roxanne
Temple:   jpeg_temple_clearing
Lair:1:   layout_regular_city, disabler_island
Lair:2:   layout_roguey, beast_lair_carwin_5
Lair:3:   layout_big_grid, elwin_shoals_entry_rooms,
          guppyfry_snake_entry_garden, minmay_stone_trees_medium,
          serial_bayou_crossing
Lair:4:   layout_loops_ring, slime_entry_1, serial_bayou_shore_a,
          lemuel_fruit_tree, infiniplex_staircase_pool_2
Lair:5:   wormcave, layout_regular_city, guppyfry_lair_end_dragon,
          minmay_lair_oklob_items, nicolae_lair_liquid_snakes,
          grunt_megastairs_1
Shoals:1: layout_shoals, uniq_jorgrun
Shoals:2: argonaut_golden_fleece, layout_shoals
Shoals:3: layout_shoals, gammafunk_ghost_wrathful_warriors, kb_tengu_band
Shoals:4: shoals_end_hellmonk_storm_palace [storm_palace_center_circular,
          storm_palace_corner_grid, storm_palace_corner_blocked,
          storm_palace_corner_reverse_hut, storm_palace_corner_grid], uniq_kirke
Snake:1:  layout_misc_corridors
Snake:2:  layout_misc_corridors, portal_ice_cave_entry_ice_statue_two,
          basic_altar, serial_shops, nicolae_shop_stone,
          nicolae_snake_round_shape_thing,
          nicolae_snake_yet_another_twisty_hallway
Snake:3:  layout_misc_corridors, uniq_aizul
Snake:4:  grunt_snake_rune_spirals, layout_onion, serial_shops,
          nicolae_shop_advertising_works [nicolae_subvault_shop_adworks],
          uniq_vashnia, uniq_bai_suzhen
Slime:1:  layout_caves, nicolae_slime_phagocytosis
Slime:2:  layout_caves
Slime:3:  layout_caves
Slime:4:  layout_caves
Slime:5
Orc:1:    layout_caves
Orc:2:    st_orc_ogre_mass, layout_caves, bloody_makhleb
Elf:1:    minmay_elf_arrival_plus, layout_geoelf_grid, serial_shops,
          nicolae_shop_hallway_plus, minmay_elf_annihilation, solitary_fountain,
          grunt_ministairs_4, einodemon_barbed_minivault
Elf:2:    elven_hall_of_blades_hangedman_original [nooodl_blade_entry_preview],
          layout_rooms, serial_co_window_serial, co_window_paths_a,
          co_window_paths_b, co_window_paths_b, co_window_corner_a,
          co_window_paths_a, co_window_unsneaky_path_d, co_window_corner_cb,
          glass_columns_b, glass_columns_a
Elf:3:    minmay_elf_hall_quartered_circle, layout_rooms
Vaults:1: v_misc_29, v_misc_30, v_misc_8, v_alt_pattern_3,
          nicolae_vaults_mini_display_case, hangedman_vaults_stagger,
          vaults_room_pool, hangedman_vaults_nails, special_room_vaults
          [special_room_orc], nicolae_vaults_alarming, ontoclasm_vaults_fault,
          layout_vaults_big_room
Vaults:2: minmay_crypt_entry_necro_gods, grunt_vaults_swirl, st_squares,
          nicolae_vaults_windows_and_doors_thing, v_misc_18, vaults_mumra_hex,
          hangedman_vaults_maws, layout_vaults_omnigrid, serial_shops, shop
Vaults:3: portal_desolation_entry_twin_temple, v_misc_28, v_rooms_2,
          ontoclasm_vaults_pinch, v_misc_13, nicolae_vaults_lopsided_apartments,
          grunt_vaults_focal, grunt_vaults_hallway_short, ontoclasm_vaults_eye,
          nicolae_vaults_little_squares_4, ontoclasm_vaults_decontamination,
          hangedman_vaults_snaps, vaults_mumra_minichess_inversion,
          ontoclasm_vaults_chip, layout_vaults_ring, serial_shops,
          nicolae_shop_competitors_out_of_business, uniq_margery
Vaults:4: vaults_room_door_ring, vaults_room_ringed_pool,
          vaults_standard_mumra_lines, nicolae_vaults_circle_grid_b,
          vaults_room_mumra_shop_pool, nicolae_vaults_network_star,
          ontoclasm_vaults_gateway, vaults_room_fours, v_rooms_5,
          layout_vaults_omnicross, uniq_donald
Depths:1: layout_cross, rand_demon_pan_entry_9, hell_entry,
          minmay_shop_enchanted_jewellery, lemuel_angel_altar,
          minmay_shop_grove, grunt_megastairs_2
Depths:2: grunt_x_marks_the_spot, layout_twisted_cross, enter_ziggurat_a,
          abyss_entry, grunt_pan_entry_zigzag, grunt_hell_entry_dis_grunt,
          minmay_stone_trees_small
Depths:3: hangedman_pleasuredromes, pan_entry, abyss_entry, hell_entry,
          serial_shops, uniq_xtahua, uniq_parghit, uniq_boris

Skill      XL: |  1  2  3  4  5  6  7  8  9 10 11 12 13 14 15 16 17 18 19 20 21 22 23 |
---------------+----------------------------------------------------------------------+-----
Dodging        | 2 3 4 5 6 7 8 |  8.4
Axes           | 3 4 5 6 7 8 |  8.7
Fighting       | 3 4 5 6 7 8 10 12 13 14 15 16 | 16.6
Shields        | 1 3 4 6 7 8 |  8.3
Fire Magic     | 1 3 4 6 7 8 9 10 11 12 13 14 15 | 15.2
Spellcasting   | 6 10 11 12 13 14 | 14.6
Earth Magic    | 1 4 6 7 8 |  8.6
Poison Magic   | 1 4 6 7 |  7.3
Transmutations | 4 6 7 8 |  8.7
Armour         | 6 7 8 9 10 11 12 13 14 | 14.0
Air Magic      | 2 6 |  6.3
Necromancy     | 4 7 9 10 11 13 14 | 14.8
Conjurations   | 5 7 8 10 11 12 13 14 | 14.2
Ice Magic      | 1 4 6 7 9 10 11 | 11.3

Action                   |  1- 3 |  4- 6 |  7- 9 | 10-12 | 13-15 | 16-18 | 19-21 | 22-24 || total
-------------------------+-------+-------+-------+-------+-------+-------+-------+-------++-------
Melee: Hand axe          |    65 |       |   237 |       |       |       |       |       ||   302
       Dagger            |    48 |   269 |   146 |       |       |       |       |       ||   463
       Punch             |       |     2 |       |       |       |       |       |       ||     2
       Rapier            |       |       |   385 |   548 |  1094 |   781 |       |       ||  2808
       Unarmed           |       |       |       |       |       |     6 |       |       ||     6
       Broad axe         |       |       |       |       |       |   323 |   884 |   289 ||  1496
Throw: Dart              |       |       |       |    21 |     2 |       |       |       ||    23
       Throwing net      |       |       |       |     3 |       |       |       |       ||     3
 Cast: Kiss of Death     |       |     1 |       |       |       |       |       |       ||     1
       Stone Arrow       |       |       |       |     2 |    98 |    19 |     6 |       ||   125
       Hailstorm         |       |       |       |       |    85 |    21 |     1 |     4 ||   111
       Sticky Flame      |       |       |       |       |    65 |    38 |       |       ||   103
       Airstrike         |       |       |       |       |    26 |   367 |   110 |    78 ||   581
       Statue Form       |       |       |       |       |     1 |    24 |    17 |    13 ||    55
       Starburst         |       |       |       |       |       |    15 |    77 |    10 ||   102
       Freezing Cloud    |       |       |       |       |       |    29 |   145 |   120 ||   294
       Iron Shot         |       |       |       |       |       |       |    71 |   121 ||   192
       Simulacrum        |       |       |       |       |       |       |     1 |     7 ||     8
Invok: Curse Item        |       |       |     1 |     1 |     3 |     1 |     2 |       ||     8
       Shatter the Chain |       |       |       |       |     1 |       |     1 |       ||     2
Evoke: Wand              |       |       |     2 |    25 |    27 |    24 |       |     3 ||    81
       Condenser vane    |       |       |       |       |     2 |     2 |       |     1 ||     5
  Use: Scroll            |     1 |     3 |    10 |     4 |     8 |    28 |     5 |     3 ||    62
       Potion            |       |     2 |       |     2 |     5 |    27 |     5 |     4 ||    45
 Stab: Sleeping          |       |       |     1 |       |       |       |       |       ||     1
       Distracted        |       |       |       |     1 |     1 |     1 |       |     1 ||     4
       Confused          |       |       |       |       |     1 |     1 |       |       ||     2
       Petrified         |       |       |       |       |       |     4 |       |       ||     4
       Invisible         |       |       |       |       |       |     1 |       |       ||     1
       Paralysed         |       |       |       |       |       |     1 |       |       ||     1
Armor: Leather armour    |    54 |   150 |   286 |    17 |   178 |   155 |       |       ||   840
       Ring mail         |       |       |       |   271 |   448 |       |       |       ||   719
       Skin              |       |       |       |       |    19 |   310 |    92 |   142 ||   563
       Pearl dragon scal |       |       |       |       |       |   447 |   565 |   142 ||  1154
Dodge: Dodged            |    72 |   247 |   478 |   439 |  1173 |  1110 |   642 |   296 ||  4457
Block: Buckler           |       |       |   238 |   212 |   640 |   814 |   610 |   275 ||  2789
       Reflection        |       |       |       |       |    25 |   122 |   105 |    64 ||   316

Table legend: (Time is in decaauts)
 A = Elapsed time spent in this place.
 B = Non-inter-level travel time spent in this place.
 C = Inter-level travel time spent in this place.
 D = Time resting spent in this place.
 E = Time spent auto-exploring this place.
 F = Levels seen in this place.
 G = Mean time per level.
                   A        B        C        D        E       F      G
               +--------+--------+--------+--------+--------+-----+--------+
         Total |  68650 |  63852 |   4798 |  17352 |  26306 |  52 | 1320.2 |
       Dungeon |  17738 |  15387 |   2351 |   1561 |   8281 |  15 | 1182.5 |
        Temple |      1 |      1 |      0 |      0 |      0 |   1 |    1.0 |
          Lair |   7766 |   7008 |    758 |   1210 |   3163 |   5 | 1553.2 |
        Shoals |   8594 |   8379 |    215 |   2349 |   3585 |   4 | 2148.5 |
     Snake Pit |   6419 |   6260 |    159 |   2105 |   2781 |   4 | 1604.8 |
    Slime Pits |   3407 |   3267 |    140 |   1654 |   1113 |   5 |  681.4 |
  Orcish Mines |   1956 |   1626 |    330 |    440 |    615 |   2 |  978.0 |
   Elven Halls |   6549 |   6153 |    396 |   2625 |   1668 |   3 | 2183.0 |
        Vaults |   9533 |   9132 |    401 |   2982 |   3874 |   4 | 2383.2 |
        Depths |   1996 |   1951 |     45 |    699 |    753 |   3 |  665.3 |
         Abyss |    396 |    396 |      0 |     32 |     11 |   1 |  396.0 |
       Ossuary |    265 |    265 |      0 |      0 |      0 |   1 |  265.0 |
        Bailey |    274 |    274 |      0 |      6 |      7 |   1 |  274.0 |
      Ice Cave |   1352 |   1352 |      0 |    624 |    275 |   1 | 1352.0 |
    Desolation |   1958 |   1958 |      0 |   1048 |    177 |   1 | 1958.0 |
      Gauntlet |    439 |    439 |      0 |     15 |      0 |   1 |  439.0 |
               +--------+--------+--------+--------+--------+-----+--------+

Top non-repeatable levels by time:
Shoals:4: 3414 daAuts
Vaults:2: 2963 daAuts
  Lair:5: 2848 daAuts
   Elf:2: 2638 daAuts
Vaults:3: 2462 daAuts
 Snake:4: 2401 daAuts
Vaults:1: 2179 daAuts
   Elf:3: 2105 daAuts
    D:15: 2035 daAuts
    D:10: 1979 daAuts
Desolation: 1958 daAuts
Vaults:4: 1928 daAuts
Shoals:3: 1907 daAuts
   Elf:1: 1806 daAuts
    D:14: 1665 daAuts
